 Dungeon Sprint DCSS version 0.17-a0-1646-geb1493d (webtiles) character file.

66787 Kidiri the Imperceptible (level 14, -3/59 HPs)
             Began as a Spriggan Enchanter on Aug 10, 2015.
             Was the Champion of Dithmenos.
             Slain by a vampire knight
             ... wielding a +0 glaive
              (9 damage)
             ... in the Dungeon (Sprint III: "The Ten Rune Challenge").
             The game lasted 00:31:39 (4714 turns).

Kidiri the Imperceptible (Spriggan Enchanter)       Turns: 4714, Time: 00:31:39

Health: -3/59      AC:  5    Str:  4    XL:     14   Next: 32%
Magic:  29/38      EV: 39    Int: 21    God:    Dithmenos [******]
Gold:   1764       SH:  0    Dex: 21    Spells: 5 memorised, 39 levels left

rFire  + + +     SeeInvis +     B - +5 rapier of Kidiri's Execution {venom, rF++ rC- Int+2 Stlth-}
rCold  x . .     Clarity  .     u - +2 robe
rNeg   . . .     SustAt   .     (shield restricted)
rPois  .         Gourm    .     f - +0 hat
rElec  .         Spirit   .     k - +0 cloak {+Inv}
rCorr  .         Warding  .     (gloves unavailable)
rMut   +         NoTele   +     (boots unavailable)
MR     ++...                    z - amulet of resist mutation
Stlth  ++++++++++               y - +2 ring of dexterity
                                x - ring of protection from fire

@: wreathed by umbra, very quick, very resistant to hostile enchantments,
uncannily stealthy
A: unfitting armour, see invisible, herbivore 3, speed 3, slow metabolism 2
a: Shadow Step, Shadow Form, Renounce Religion, Evoke Invisibility
}: 1/10 runes: serpentine


You were in the Dungeon.
You worshipped Dithmenos.
Dithmenos was exalted by your worship.
You were not hungry.

You visited 1 branch You collected 2790 gold pieces.
You spent 1026 gold pieces at shops.

Inventory:

Hand weapons
 B - the +5 rapier of Kidiri's Execution (weapon) {venom, rF++ rC- Int+2 Stlth-}
   (You found it in the Dungeon)

   It poisons the flesh of those it strikes.
   It affects your intelligence (+2).
   It greatly protects you from fire.
   It makes you vulnerable to cold.
   It makes you less stealthy.
Armour
 f - a +0 hat (worn)
 k - a +0 cloak of invisibility (worn)
 u - a +2 robe (worn)
Jewellery
 x - a ring of protection from fire (left hand)
 y - a +2 ring of dexterity (right hand)
 z - an amulet of resist mutation (around neck)
Magical devices
 w - a wand of magic darts (13)
Scrolls
 j - a scroll of blinking
 m - a scroll of holy word
 n - a scroll of fog
 o - 4 scrolls of remove curse
 s - a scroll of torment {unknown}
Potions
 e - 2 potions of lignification
 g - a potion of haste
 h - 2 potions of magic
 l - a potion of berserk rage
 q - 3 potions of cure mutation
 r - a potion of flight {unknown}
 t - a potion of might
Books
 c - a book of Maledictions

   Spells                             Type                      Level
   a - Corona                         Hexes                        1
   b - Ensorcelled Hibernation        Hexes/Ice                    2
   c - Confuse                        Hexes                        3
   d - Tukima's Dance                 Hexes                        3
   e - Dazzling Spray                 Conjuration/Hexes            3
 i - a book of Changes

   Spells                             Type                      Level
   a - Beastly Appendage              Transmutation                1
   b - Sticks to Snakes               Transmutation                2
   c - Spider Form                    Transmutation/Poison         3
   d - Ice Form                       Ice/Transmutation            4
   e - Blade Hands                    Transmutation                5
Comestibles
 d - a bread ration
 p - 32 royal jellies
 v - 3 fruits


   Skills:
 + Level 13.3 Short Blades
 * Level 22.2 Dodging
 * Level 24.0 Stealth
 * Level 19.4 Spellcasting
 + Level 9.6 Conjurations
 + Level 14.7 Hexes
 + Level 10.5 Ice Magic
 - Level 8.9 Invocations
 + Level 15.2 Evocations


You had 39 spell levels left.
You knew the following spells:

 Your Spells              Type           Power        Failure   Level  Hunger
a - Corona                Hex            ######.      0%          1    None
b - Ensorcelled Hibernat  Hex/Ice        ######       1%          2    None
c - Confuse               Hex            ######..     0%          3    None
d - Tukima's Dance        Hex            ######..     0%          3    None
e - Dazzling Spray        Conj/Hex       ######..     1%          3    None


Dungeon Overview and Level Annotations

Branches:
Dungeon (1/1)

Altars:
Cheibriados
Dithmenos
Elyvilon
Fedhas
Gozag
Kikubaaqudgha
Makhleb
Nemelex Xobeh
Okawaru
Qazlal
Ru
Sif Muna
Trog
Vehumet
Xom
Yredelemnul
Zin
The Shining One
Jiyva
Lugonu

Shops:
D %[:=

Annotations:
D exclusion: obsidian statue


Innate Abilities, Weirdness & Mutations

You are tiny and cannot use many weapons and most armour.
You have supernaturally acute eyesight.
You are a herbivore.
You cover ground extremely quickly.
You need consume almost no food.


Message History

The spray of energy hits the vampire knight.
The vampire knight is lightly damaged.
Your shadow mimicks your spell!
The shadow shard hits the vampire knight.
The vampire knight hits you with a glaive!
The vampire knight bites you but does no damage.
The vampire knight closely misses you. The vampire knight bites you!
You emit a cloud of dark smoke.
The vampire knight draws strength from your injuries!
Casting: Dazzling Spray
Confirm with . or Enter, or press ? or * to list all spells.
Aiming: Dazzling Spray
Press: ? - help, Shift-Dir - straight line, f/p - vampire knight
Aim: a vampire knight, wielding a glaive and wearing a chain mail (fast, umbra)
The spray of energy hits the vampire knight.
The vampire knight hits you with a glaive!!
Ouch! That really hurt!
* * * LOW HITPOINT WARNING * * *
You emit a cloud of dark smoke.
The vampire knight bites you!
You die...

#....)#.#..#......#
#)....#.#..'.....^#
#.#)#.+.#..#....^.#
#..#..#.#).#....^.#
#)....###########'#
####### #####.#
#.#)#.#
+#+#+#V#§#'#
......^@§..#
..^...§§§^^#
+#+#+#+#+#+#


You could see a vampire knight.

Vanquished Creatures
  Norris (D)
  Sigmund (D)
  A lich (D)
  Rupert (D)
  Gastronok (D)
  Chuck (D)
  2 shadow dragons (D)
  A greater naga (D)
  Maud (D)
  Snorg (D)
  A fire dragon (D)
  A yaktaur captain (D)
  A naga warrior (D)
  An ogre mage (D)
  2 centaur warriors (D)
  An anaconda (shapeshifter) (D)
  6 anacondas (D)
  4 dancing weapons (D)
  4 death yaks (D)
  A deep elf knight (D)
  A skeletal warrior (D)
  An unseen horror (D)
  A lindwurm (D)
  A deep elf conjurer (D)
  An anubis guard (shapeshifter) (D)
  An orc sorcerer (D)
  2 ugly things (D)
  A water nymph (shapeshifter) (D)
  A guardian serpent (D)
  2 spiny frogs (D)
  A moth of wrath (shapeshifter) (D)
  8 black mambas (D)
  Edmund (D)
  4 deep elf priests (D)
  A fire drake (D)
  A komodo dragon (D)
  3 wandering mushrooms (D)
  A queen bee (D)
  4 spriggan defenders (D)
  8 blink frogs (D)
  4 orc high priests (D)
  6 slime creatures (D)
  2 boulder beetles (shapeshifter) (D)
  A shadow (D)
  3 redbacks (D)
  A spatial vortex (D)
  3 water moccasins (D)
  2 nagas (D)
  4 orc warriors (D)
  A swamp drake (D)
  An earth elemental (D)
  A necrophage (D)
  2 centaurs (D)
  2 brain worms (D)
  A water elemental (D)
  32 killer bees (D)
  A jelly (D)
  Crazy Yiuf (D)
  Jessica (D)
  A necromancer (D)
  3 orc priests (D)
  A wizard (D)
  A kobold demonologist (D)
  3 humans (D)
  3 adders (D)
  An ooze (D)
  10 orcs (D)
  2 rats (D)
  A plant (D)
172 creatures vanquished.

Vanquished Creatures (others)
  2 draconian scorchers (D)
  3 yaktaurs (D)
  A bush (D)
  4 plants (D)
10 creatures vanquished.

Grand Total: 182 creatures vanquished

Notes
Turn   | Place    | Note
--------------------------------------------------------------
     0 | D        | Kidiri the Spriggan Enchanter began the quest for the Orb.
     0 | D        | Reached XP level 1. HP: 9/9 MP: 5/5
    12 | D        | Reached skill level 5 in Stealth
    21 | D        | Noticed Jessica
    33 | D        | Killed Jessica
    33 | D        | Reached skill level 5 in Dodging
    33 | D        | Reached skill level 6 in Stealth
    33 | D        | Reached XP level 2. HP: 13/13 MP: 5/8
    33 | D        | Reached XP level 3. HP: 16/16 MP: 5/9
    40 | D        | Learned a level 2 spell: Ensorcelled Hibernation
    44 | D        | Learned a level 3 spell: Confuse
    48 | D        | Learned a level 3 spell: Tukima's Dance
    89 | D        | Killed a yaktaur
   130 | D        | Noticed Crazy Yiuf
   133 | D        | Killed Crazy Yiuf
   133 | D        | Reached skill level 7 in Stealth
   133 | D        | Reached skill level 5 in Spellcasting
   208 | D        | Killed a white draconian scorcher
   231 | D        | Reached skill level 5 in Hexes
   231 | D        | Reached skill level 1 in Ice Magic
   231 | D        | Reached XP level 4. HP: 21/21 MP: 4/12
   272 | D        | Killed a white draconian scorcher
   309 | D        | Gained mutation: You tend to lose your temper in combat. [potion of mutation]
   309 | D        | Gained mutation: You are agile. (Dex +2) [potion of mutation]
   310 | D        | Gained mutation: You possess an exceptional clarity of mind. [potion of mutation]
   310 | D        | Gained mutation: Your mind is acute. (Int +2) [potion of mutation]
   310 | D        | Gained mutation: You often lose your temper in combat. [potion of mutation]
   311 | D        | Lost mutation: You are agile. (Dex +2) [potion of cure mutation]
   311 | D        | Lost mutation: Your mind is acute. (Int +2) [potion of cure mutation]
   311 | D        | Lost mutation: You possess an exceptional clarity of mind. [potion of cure mutation]
   311 | D        | Lost mutation: You often lose your temper in combat. [potion of cure mutation]
   311 | D        | Lost mutation: You tend to lose your temper in combat. [potion of cure mutation]
   318 | D        | Learned a level 3 spell: Dazzling Spray
   324 | D        | Noticed a water elemental
   337 | D        | Killed a water elemental
   337 | D        | Reached skill level 8 in Stealth
   337 | D        | Reached skill level 1 in Evocations
   407 | D        | Noticed a jelly
   408 | D        | Noticed a shadow
   410 | D        | Killed a shadow
   410 | D        | Reached skill level 10 in Stealth
   410 | D        | Reached skill level 1 in Conjurations
   410 | D        | Reached XP level 5. HP: 24/24 MP: 13/15
   410 | D        | Reached XP level 6. HP: 28/28 MP: 14/17
   414 | D        | Killed a jelly
   419 | D        | Found a stormy altar of Qazlal.
   420 | D        | Found a sacrificial altar of Ru.
   420 | D        | Found a burning altar of Makhleb.
   420 | D        | Found a viscous altar of Jiyva.
   420 | D        | Found a shimmering altar of Xom.
   420 | D        | Found a shadowy altar of Dithmenos.
   420 | D        | Found a sparkling altar of Nemelex Xobeh.
   420 | D        | Found a corrupted altar of Lugonu.
   420 | D        | Found an opulent altar of Gozag.
   420 | D        | Noticed a spatial vortex
   425 | D        | Became a worshipper of Dithmenos the Shadowed
   428 | D        | Killed a spatial vortex
   428 | D        | Reached skill level 11 in Stealth
   508 | D        | Found a radiant altar of Vehumet.
   509 | D        | Found a deep blue altar of Sif Muna.
   509 | D        | Found an ancient bone altar of Kikubaaqudgha.
   509 | D        | Noticed a wizard
   510 | D        | Killed a wizard
   512 | D        | Reached skill level 5 in Short Blades
   528 | D        | Found a glowing silver altar of Zin.
   529 | D        | Found a glowing golden altar of the Shining One.
   529 | D        | Found a white marble altar of Elyvilon.
   529 | D        | Noticed a deep elf priest
   531 | D        | Killed a deep elf priest
   531 | D        | Reached skill level 10 in Dodging
   531 | D        | Reached skill level 5 in Evocations
   531 | D        | Reached XP level 7. HP: 32/32 MP: 18/20
   542 | D        | Found an iron altar of Okawaru.
   543 | D        | Found a bloodstained altar of Trog.
   543 | D        | Noticed a human
   543 | D        | Noticed a human
   545 | D        | Killed a human
   545 | D        | Reached skill level 12 in Stealth
   546 | D        | Killed a human
   563 | D        | Found a basalt altar of Yredelemnul.
   563 | D        | Found a snail-covered altar of Cheibriados.
   563 | D        | Found a blossoming altar of Fedhas.
   563 | D        | Noticed a necrophage
   563 | D        | Noticed a necromancer
   569 | D        | Killed a necrophage
   569 | D        | Acquired Dithmenos's first power
   569 | D        | Reached XP level 8. HP: 29/34 MP: 12/22
   569 | D        | Killed a necromancer
   757 | D        | Noticed Snorg
   786 | D        | Killed Snorg
   786 | D        | Reached skill level 13 in Stealth
   786 | D        | Reached skill level 10 in Spellcasting
   858 | D        | Noticed an earth elemental
   861 | D        | Killed an earth elemental
   869 | D        | Noticed a centaur
   869 | D        | Noticed a centaur warrior
   869 | D        | Noticed a centaur
   871 | D        | Killed a centaur
   877 | D        | Killed a centaur warrior
   877 | D        | Acquired Dithmenos's second power
   877 | D        | Reached skill level 14 in Stealth
   877 | D        | Reached XP level 9. HP: 30/39 MP: 14/25
   878 | D        | Killed a centaur
   878 | D        | Reached skill level 5 in Ice Magic
   949 | D        | Killed a yaktaur
   961 | D        | Noticed an unseen horror
   963 | D        | Killed an unseen horror
   973 | D        | Noticed a killer bee
   973 | D        | Noticed a killer bee
   973 | D        | Noticed a killer bee
   973 | D        | Noticed a killer bee
   973 | D        | Noticed a killer bee
   973 | D        | Noticed a queen bee
   973 | D        | Noticed a killer bee
   973 | D        | Noticed a killer bee
   973 | D        | Noticed a killer bee
   973 | D        | Noticed a killer bee
   973 | D        | Noticed a killer bee
   973 | D        | Noticed a killer bee
   973 | D        | Noticed a killer bee
   973 | D        | Noticed a killer bee
   973 | D        | Noticed a killer bee
   974 | D        | Noticed a killer bee
   974 | D        | Noticed a killer bee
   974 | D        | Noticed a killer bee
   974 | D        | Noticed a killer bee
   974 | D        | Noticed a killer bee
   974 | D        | Noticed a killer bee
   974 | D        | Noticed a killer bee
   974 | D        | Noticed a killer bee
   974 | D        | Noticed a killer bee
   974 | D        | Noticed a killer bee
   974 | D        | Noticed a killer bee
   974 | D        | Noticed a killer bee
   974 | D        | Noticed a killer bee
   974 | D        | Noticed a killer bee
   974 | D        | Noticed a killer bee
   974 | D        | Noticed a killer bee
   974 | D        | Noticed a killer bee
   974 | D        | Noticed a killer bee
   975 | D        | Killed a killer bee
   976 | D        | Killed a killer bee
   976 | D        | Acquired Dithmenos's third power
   978 | D        | Killed a killer bee
   982 | D        | Killed a killer bee
   986 | D        | Killed a killer bee
   986 | D        | Reached skill level 5 in Invocations
   988 | D        | Killed a killer bee
   991 | D        | Killed a killer bee
   993 | D        | Killed a killer bee
   993 | D        | Acquired Dithmenos's fourth power
   995 | D        | Killed a killer bee
   998 | D        | Killed a killer bee
  1000 | D        | Killed a killer bee
  1002 | D        | Killed a killer bee
  1134 | D        | Killed a killer bee
  1134 | D        | Reached skill level 15 in Stealth
  1136 | D        | Killed a killer bee
  1138 | D        | Killed a killer bee
  1140 | D        | Killed a killer bee
  1140 | D        | Reached XP level 10. HP: 44/44 MP: 21/27
  1142 | D        | Killed a killer bee
  1144 | D        | Killed a killer bee
  1147 | D        | Killed a killer bee
  1149 | D        | Killed a killer bee
  1151 | D        | Killed a killer bee
  1153 | D        | Killed a killer bee
  1155 | D        | Killed a killer bee
  1157 | D        | Killed a killer bee
  1159 | D        | Killed a killer bee
  1298 | D        | Killed a killer bee
  1300 | D        | Killed a killer bee
  1302 | D        | Killed a killer bee
  1302 | D        | Reached skill level 5 in Conjurations
  1305 | D        | Killed a killer bee
  1307 | D        | Killed a killer bee
  1309 | D        | Killed a killer bee
  1311 | D        | Killed a queen bee
  1328 | D        | Killed a killer bee
  1414 | D        | Noticed Sigmund
  1414 | D        | Noticed Edmund
  1416 | D        | Killed Sigmund
  1416 | D        | Reached skill level 15 in Dodging
  1416 | D        | Reached skill level 16 in Stealth
  1416 | D        | Reached skill level 10 in Hexes
  1416 | D        | Reached XP level 11. HP: 47/47 MP: 23/29
  1419 | D        | Killed Edmund
  1419 | D        | Reached skill level 17 in Stealth
  1419 | D        | Reached skill level 10 in Evocations
  1461 | D        | Noticed a wandering mushroom
  1462 | D        | Noticed a wandering mushroom
  1462 | D        | Noticed a wandering mushroom
  1464 | D        | Killed a wandering mushroom
  1466 | D        | Killed a wandering mushroom
  1467 | D        | Killed a wandering mushroom
  1503 | D        | Noticed a spiny frog
  1503 | D        | Noticed a komodo dragon
  1503 | D        | Noticed a spiny frog
  1505 | D        | Killed a spiny frog
  1507 | D        | Killed a spiny frog
  1510 | D        | Killed a komodo dragon
  1539 | D        | Noticed a redback
  1541 | D        | Killed a redback
  1542 | D        | Noticed a brain worm
  1544 | D        | Killed a brain worm
  1564 | D        | Noticed a brain worm
  1566 | D        | Killed a brain worm
  1572 | D        | Noticed a lindwurm
  1573 | D        | Noticed a redback
  1574 | D        | Killed a lindwurm
  1576 | D        | Killed a redback
  1581 | D        | Noticed a redback
  1582 | D        | Killed a redback
  1583 | D        | Noticed Maud
  1585 | D        | Killed Maud
  1585 | D        | Reached skill level 18 in Stealth
  1617 | D        | Noticed a swamp drake
  1617 | D        | Noticed a fire drake
  1618 | D        | Killed a fire drake
  1620 | D        | Killed a swamp drake
  1626 | D        | Noticed a blink frog
  1626 | D        | Noticed a blink frog
  1627 | D        | Noticed a blink frog
  1627 | D        | Noticed a blink frog
  1628 | D        | Noticed a blink frog
  1630 | D        | Killed a blink frog
  1645 | D        | Killed a blink frog
  1649 | D        | Killed a blink frog
  1654 | D        | Killed a blink frog
  1654 | D        | Reached skill level 10 in Short Blades
  1658 | D        | Killed a blink frog
  1745 | D        | Noticed Rupert
  1747 | D        | Killed Rupert
  1747 | D        | Reached skill level 15 in Spellcasting
  1747 | D        | Reached XP level 12. HP: 51/51 MP: 26/32
  1775 | D        | Noticed a death yak
  1776 | D        | Noticed a death yak
  1776 | D        | Noticed a blink frog
  1776 | D        | Noticed an azure jelly
  1776 | D        | Noticed a death yak
  1776 | D        | Noticed an azure jelly
  1776 | D        | Noticed a blink frog
  1776 | D        | Noticed a death yak
  1777 | D        | Killed a death yak
  1777 | D        | Reached skill level 19 in Stealth
  1778 | D        | Killed a death yak
  1779 | D        | Killed a blink frog
  1780 | D        | Noticed a blink frog
  1780 | D        | Noticed a black mamba
  1781 | D        | Killed a death yak
  1789 | D        | Killed a death yak
  1792 | D        | Killed a blink frog
  1796 | D        | Killed a blink frog
  1882 | D        | Noticed a black mamba
  1883 | D        | Killed a black mamba
  1885 | D        | Killed a black mamba
  1908 | D        | Noticed a black mamba
  1908 | D        | Noticed an anaconda
  1908 | D        | Noticed a water moccasin
  1908 | D        | Noticed a black mamba
  1910 | D        | Killed a black mamba
  1912 | D        | Killed an anaconda
  1913 | D        | Killed a black mamba
  1914 | D        | Killed a water moccasin
  2013 | D        | Noticed a black mamba
  2013 | D        | Noticed an anaconda
  2013 | D        | Noticed a black mamba
  2013 | D        | Noticed an anaconda
  2013 | D        | Noticed a black mamba
  2017 | D        | Killed an anaconda
  2019 | D        | Killed a black mamba
  2019 | D        | Reached skill level 20 in Stealth
  2021 | D        | Killed a black mamba
  2023 | D        | Killed an anaconda
  2027 | D        | Killed a black mamba
  2029 | D        | Noticed a water moccasin
  2031 | D        | Killed a water moccasin
  2102 | D        | Noticed a water moccasin
  2102 | D        | Noticed an anaconda
  2102 | D        | Noticed an anaconda
  2102 | D        | Noticed a black mamba
  2102 | D        | Noticed an anaconda
  2103 | D        | Killed a water moccasin
  2105 | D        | Killed a black mamba
  2107 | D        | Killed an anaconda
  2108 | D        | Killed an anaconda
  2112 | D        | Killed an anaconda
  2131 | D        | Noticed a naga
  2131 | D        | Noticed a naga
  2132 | D        | Noticed a naga warrior
  2132 | D        | Noticed a greater naga
  2132 | D        | Found Zewamyte's Food Boutique.
  2132 | D        | Found Ked Her's Antique Armour Emporium.
  2132 | D        | Found Umequmi's Book Shop.
  2133 | D        | Killed a naga
  2134 | D        | Killed a naga
  2136 | D        | Killed a naga warrior
  2137 | D        | Killed a greater naga
  2137 | D        | Reached XP level 13. HP: 55/55 MP: 29/34
  2153 | D        | Bought a runed robe for 11 gold pieces
  2167 | D        | Noticed a guardian serpent
  2169 | D        | Killed a guardian serpent
  2169 | D        | Reached skill level 21 in Stealth
  2173 | D        | Got a serpentine rune of Zot
  2260 | D        | Noticed an azure jelly
  2260 | D        | Noticed an azure jelly
  2261 | D        | Noticed an elephant
  2261 | D        | Noticed an elephant
  2261 | D        | Noticed a dire elephant
  2261 | D        | Noticed a dire elephant
  2261 | D        | Noticed Gastronok
  2396 | D        | Killed Gastronok
  2521 | D        | Noticed an orc high priest
  2521 | D        | Noticed an orc priest
  2522 | D        | Noticed an orc high priest
  2522 | D        | Noticed an orc high priest
  2523 | D        | Killed an orc high priest
  2524 | D        | Killed an orc priest
  2526 | D        | Killed an orc high priest
  2527 | D        | Killed an orc high priest
  2577 | D        | Noticed a spriggan defender
  2578 | D        | Noticed a spriggan defender
  2578 | D        | Noticed a spriggan defender
  2578 | D        | Noticed a spriggan defender
  2579 | D        | Killed a spriggan defender
  2581 | D        | Killed a spriggan defender
  2583 | D        | Killed a spriggan defender
  2584 | D        | Killed a spriggan defender
  2805 | D        | Noticed an orc warrior
  2805 | D        | Noticed an orc sorcerer
  2805 | D        | Noticed an orc warrior
  2805 | D        | Noticed an orc warrior
  2805 | D        | Noticed an orc warrior
  2805 | D        | Noticed an orc high priest
  2805 | D        | Noticed an orc priest
  2805 | D        | Noticed an orc priest
  2805 | D        | Found Raluas's Jewellery Emporium.
  2808 | D        | Killed an orc sorcerer
  2811 | D        | Killed an orc priest
  2813 | D        | Killed an orc high priest
  2815 | D        | Killed an orc priest
  2820 | D        | Killed an orc warrior
  2824 | D        | Killed an orc warrior
  2825 | D        | Killed an orc warrior
  2828 | D        | Killed an orc warrior
  2895 | D        | Bought an uncursed ring of protection from fire for 350 gold pieces
  2895 | D        | Bought a +2 ring of dexterity for 105 gold pieces
  2895 | D        | Bought an uncursed amulet of resist mutation for 560 gold pieces
  3073 | D        | Noticed a deep elf priest
  3073 | D        | Noticed a deep elf priest
  3073 | D        | Noticed a deep elf knight
  3073 | D        | Noticed a deep elf conjurer
  3073 | D        | Noticed a deep elf priest
  3079 | D        | Noticed a deep elf conjurer
  3081 | D        | Killed a deep elf conjurer
  3084 | D        | Killed a deep elf priest
  3086 | D        | Killed a deep elf knight
  3089 | D        | Killed a deep elf priest
  3091 | D        | Killed a deep elf priest
  3093 | D        | Noticed a deep elf annihilator
  3097 | D        | Noticed a deep elf annihilator
  3171 | D        | Noticed a yaktaur
  3220 | D        | Noticed a cyan ugly thing
  3222 | D        | Killed a cyan ugly thing
  3224 | D        | Noticed a brown ugly thing
  3227 | D        | Killed a brown ugly thing
  3227 | D        | Reached skill level 22 in Stealth
  3247 | D        | Noticed a slime creature
  3249 | D        | Killed a slime creature
  3259 | D        | Noticed a slime creature
  3262 | D        | Killed a slime creature
  3278 | D        | Noticed a centaur warrior
  3280 | D        | Killed a centaur warrior
  3289 | D        | Noticed a fire dragon
  3290 | D        | Killed a fire dragon
  3308 | D        | Noticed a short sword of electrocution
  3308 | D        | Noticed a mace of crushing
  3309 | D        | Noticed a hand axe of electrocution
  3309 | D        | Noticed a halberd of venom
  3310 | D        | Killed a short sword of electrocution
  3313 | D        | Killed a mace of crushing
  3315 | D        | Killed a halberd of venom
  3317 | D        | Killed a hand axe of electrocution
  3333 | D        | Got a bloodstained rapier
  3334 | D        | Identified the +5 rapier of Kidiri's Execution {venom, rF++ rC- Int+2 Stlth-} (You found it in the Dungeon)
  3364 | D        | Noticed a giant orange brain
  3364 | D        | Noticed a slime creature
  3364 | D        | Noticed an anaconda
  3365 | D        | a giant orange brain changed into a water nymph
  3366 | D        | Killed a slime creature
  3368 | D        | Killed an anaconda
  3431 | D        | Noticed a yaktaur captain
  3468 | D        | Killed a yaktaur captain
  3667 | D        | Noticed Chuck
  3675 | D        | Killed Chuck
  3853 | D        | Noticed a slime creature
  3853 | D        | Noticed Norris
  3855 | D        | Killed a slime creature
  3867 | D        | Killed Norris
  3867 | D        | Reached skill level 23 in Stealth
  3867 | D        | Reached skill level 10 in Ice Magic
  3867 | D        | Reached XP level 14. HP: 51/59 MP: 34/37
  3913 | D        | Noticed a boulder beetle
  3914 | D        | Noticed a slime creature
  3914 | D        | Noticed a slime creature
  3915 | D        | Killed a boulder beetle
  3916 | D        | Killed a slime creature
  3918 | D        | Killed a slime creature
  3919 | D        | Noticed a lich
  3919 | D        | Noticed a moth of wrath
  3921 | D        | Killed a lich
  3924 | D        | Killed a moth of wrath
  3974 | D        | Noticed an anubis guard
  3974 | D        | Noticed a shadow dragon
  3974 | D        | Noticed an ogre mage
  3974 | D        | Noticed a boulder beetle
  3974 | D        | Noticed a shadow dragon
  3975 | D        | Killed a boulder beetle
  3976 | D        | Killed an anubis guard
  3976 | D        | Reached skill level 15 in Evocations
  3985 | D        | Killed an ogre mage
  3998 | D        | Killed a shadow dragon
  3999 | D        | HP: 2/59 [shadow dragon (11)]
  4092 | D        | Killed a yaktaur
  4339 | D        | Killed a shadow dragon
  4339 | D        | Reached skill level 24 in Stealth
  4632 | D        | Noticed an obsidian statue
  4706 | D        | Noticed a skeletal warrior
  4708 | D        | Killed a skeletal warrior
  4710 | D        | Noticed a vampire knight
  4714 | D        | Slain by a vampire knight

Vault maps used:
D:        dungeon_sprint_mu

Action                   |  1- 3 |  4- 6 |  7- 9 | 10-12 | 13-15 || total
-------------------------+-------+-------+-------+-------+-------++-------
Melee: Dagger            |    13 |    14 |    35 |    80 |   141 ||   283
       Rapier            |       |       |       |       |    31 ||    31
 Cast: Corona            |     1 |       |       |       |       ||     1
       Ensorcelled Hiber |     6 |       |    22 |    40 |     7 ||    75
       Dazzling Spray    |       |     1 |     5 |     7 |    42 ||    55
       Confuse           |       |     1 |     1 |       |     9 ||    11
Invok: Shadow Step       |       |       |       |    11 |    16 ||    27
  Use: Potion            |       |     4 |     2 |       |     1 ||     7
       Scroll            |       |     2 |       |       |     1 ||     3
 Stab: Sleeping          |     5 |     6 |    23 |    67 |    38 ||   139
       Invisible         |       |       |     2 |     3 |     9 ||    14
       Confused          |       |       |       |       |     2 ||     2
  Eat: Bread ration      |       |       |       |       |     1 ||     1
